Map: Abyssal Reef LE

Players

lancelot - Winner!

  • Race: Zerg Zerg
  • Spawn Location: 5:00

Erfeyah

  • Race: Protoss Protoss
  • Spawn Location: 11:00

VOD

Have the link to the VOD?

Description

Time

  • Played on: Nov. 21, 2017, 1:56 p.m.
  • Length: 14:40
Show
View Real Time Build Order
Export as new Build Order

lancelot Zerg - Winner!

Build Orders: Pool First 

Get SALT Encoding   

  12  0:04  Drone  
  13  0:15  Drone  
  13  0:19  Overlord  
  14  0:38  Drone  
  14  0:39  Drone x2  
  17  0:50  Spawning Pool  
  16  1:05  Evolution Chamber  
  16  1:10  Overlord  
  15  1:12  Drone  
  16  1:39  Zergling x6  
  19  1:52  Extractor  
  19  1:53  Extractor  
  17  1:59  Zergling x2  
  18  2:15  Drone x2  
  20  2:36  Drone  
  20  2:37  Drone  
  22  2:39  Hatchery  
  22  2:41  Hatchery  
  20  2:52  Drone  
  21  3:08  Roach Warren  
  20  3:20  Baneling Nest  
  20  3:25  Drone x2  
  21  3:45  Drone x2  
  23  3:53  Drone  
  24  3:57  Drone  
  25  4:04  Drone x2  
  27  4:11  Drone  
  28  4:17  Drone x2  
  28  4:21  Drone  
  31  4:25  Drone  
  31  4:27  Drone  
  33  4:46  Overlord x2  
  33  5:03  Zergling x6  
  36  5:07  Zergling x2  
  36  5:08  Zergling x4  
  36  5:11  Zergling x4  
  41  5:32  Zergling x4  
  43  5:36  Zergling x4  
  43  5:39  Zergling x6  
  48  5:55  Roach  
  48  5:56  Roach  
  52  5:59  Roach  
  54  6:05  Roach x2  
  54  6:09  Overlord x2  
  58  6:32  Drone x3  
  61  6:35  Drone x3  
  64  6:40  Drone x3  
  48  7:15  Lair  
  48  7:19  Roach  
  48  7:20  Roach x2  
  54  7:23  Roach x3  
  54  7:26  Roach  
  54  7:27  Roach x2  
  66  7:38  Zerg Melee Weapons Level 1  
  66  7:50  Ravager x3  
  66  7:51  Ravager x5  
  74  8:01  Overlord x3  
  74  8:39  Infestation Pit  
  73  8:45  Drone x3  
  73  8:48  Drone x3  
  79  9:01  Spire  
  78  9:25  Hydralisk Den  
  77  9:32  Zerg Missile Weapons Level 1  
  77  9:41  Zergling x4  
  77  9:42  Zergling x2  
  77  9:45  Zergling x6  
  82  9:48  Zergling x6  
  86  10:08  Evolution Chamber  
  86  10:12  Evolution Chamber  
  84  10:17  Mutalisk x3  
  84  10:20  Mutalisk  
  84  10:21  Mutalisk x2  
  92  10:24  Mutalisk  
  92  10:27  Overlord x2  
  80  11:30  Overlord x3  
  39  12:57  Mutalisk x3  
  45  13:00  Mutalisk x3  
  45  13:03  Mutalisk x2  
  45  13:04  Mutalisk  
  57  13:16  Hatchery  
  56  13:25  Hatchery  
  55  13:37  Extractor  
  55  13:40  Drone x3, Extractor  
  56  13:47  Drone x3, Extractor  
  58  14:21  Drone x2, Extractor  
  58  14:22  Drone  
Show
View Real Time Build Order
Export as new Build Order

Erfeyah Protoss 

Build Orders:  

Get SALT Encoding   

  12  0:03  Probe (Chrono Boost)  
  14  0:15  Probe (Chrono Boost)  
  14  0:24  Pylon  
  14  0:46  Probe  
  15  0:57  Pylon  
  15  1:07  Forge  
  15  2:03  Gateway  
  15  2:24  Photon Cannon  
  15  2:26  Photon Cannon  
  15  2:29  Photon Cannon  
  15  2:30  Photon Cannon  
  15  2:41  Probe (Chrono Boost)  
  15  2:42  Gateway  
  16  2:49  Assimilator  
  17  2:53  Probe (Chrono Boost)  
  17  3:16  Photon Cannon  
  17  3:32  Gateway  
  17  3:39  Pylon  
  17  3:40  Zealot (Chrono Boost)  
  19  3:45  Pylon  
  19  3:47  Pylon  
  19  3:58  Zealot  
  19  4:01  Zealot  
  23  4:25  Zealot  
  23  4:28  Zealot  
  27  4:52  Zealot  
  29  4:55  Zealot  
  31  5:19  Zealot  
  33  5:22  Zealot  
  33  5:25  Zealot  
  37  5:43  Gateway  
  37  5:44  Gateway  
  37  5:46  Gateway, Zealot  
  37  5:49  Zealot  
  41  5:52  Assimilator, Zealot  
  43  6:00  Probe  
  44  6:12  Probe  
  45  6:24  Probe  
  45  6:52  Cybernetics Core  
  43  6:55  Zealot (Chrono Boost)  
  53  7:05  Zealot x2 (Chrono Boost)  
  53  7:06  Zealot x2 (Chrono Boost)  
  55  7:17  Zealot (Chrono Boost)  
  55  7:38  Pylon  
  55  7:40  Pylon  
  55  7:44  Pylon  
  55  7:48  Pylon  
  55  7:56  Zealot x4  
  63  7:58  Zealot  
  65  8:15  Cybernetics Core  
  65  8:19  Stalker  
  67  8:23  Stalker x2  
  71  8:50  Photon Cannon  
  71  9:41  Stalker x6  
  20  11:30  Stalker (Chrono Boost)  
  22  11:33  Stalker x2 (Chrono Boost)  
  26  11:50  Stalker (Chrono Boost)  
  26  11:53  Stalker x2  
  28  12:20  Stalker  
  28  12:23  Stalker  
  28  12:26  Stalker  
  24  12:56  Stalker  
  26  13:26  Stalker  
  28  13:38  Nexus  
  28  13:44  Stalker  
  28  13:46  Stalker  
Tags
 
Add a new tag
Caveats
  • Supply blocks, unpowered buildings, or Contaminate may cause inaccurate times.
  • Supply counts are checked every 10 seconds.